Map: World of Sleepers LE

Players

Emu

  • Race: Terran Terran
  • League: Diamond
  • Spawn Location: 1:00

ViBE - Winner!

  • Race: Zerg Zerg
  • League: Platinum
  • Spawn Location: 7:00

VOD

Have the link to the VOD?

Description

Time

  • Played on: Dec. 10, 2019, 11:23 p.m.
  • Length: 15:43
Show
View Real Time Build Order
Export as new Build Order

Emu Terran 

Build Orders:  

Get SALT Encoding   

  12  0:01  SCV  
  13  0:13  SCV  
  14  0:19  Supply Depot  
  14  0:25  SCV  
  15  0:41  SCV  
  15  0:42  Barracks  
  16  0:47  Refinery  
  16  0:53  SCV  
  17  1:05  SCV  
  18  1:17  SCV  
  19  1:30  Orbital Command  
  19  1:31  Reaper  
  20  1:39  Supply Depot  
  20  1:59  SCV  
  21  2:03  Marine  
  21  2:07  Command Center  
  22  2:11  SCV  
  23  2:17  Factory  
  23  2:28  Barracks Reactor  
  23  2:29  SCV  
  24  2:41  SCV  
  25  2:54  SCV  
  26  3:01  Barracks  
  26  3:02  Barracks  
  26  3:06  SCV  
  27  3:13  Hellion  
  27  3:14  Hellion  
  27  3:16  Barracks Tech Lab  
  27  3:18  SCV  
  32  3:21  Command Center  
  32  3:29  Refinery  
  32  3:33  SCV  
  34  3:37  Orbital Command  
  33  3:42  Marine  
  33  3:46  Stimpack  
  34  3:49  SCV  
  35  4:01  SCV  
  36  4:03  SCV  
  36  4:06  Barracks Reactor  
  36  4:09  Barracks Reactor  
  37  4:12  Engineering Bay  
  37  4:13  SCV  
  38  4:18  SCV  
  39  4:27  SCV  
  39  4:29  Marine  
  41  4:36  Orbital Command  
  41  4:39  Starport, Factory Tech Lab  
  41  4:42  Engineering Bay  
  41  4:44  SCV  
  41  4:45  SCV  
  43  4:58  Supply Depot  
  43  4:59  SCV x2  
  45  5:00  Marine x2  
  45  5:01  Marine x2, Supply Depot  
  45  5:02  Marine  
  45  5:05  Siege Tank  
  53  5:18  Marine x3  
  53  5:19  Marine x2  
  53  5:21  Terran Infantry Weapons Level 1  
  58  5:22  SCV  
  58  5:23  SCV  
  58  5:24  Orbital Command  
  60  5:35  Terran Infantry Armor Level 1  
  60  5:36  Marine x3  
  60  5:37  Marine  
  60  5:42  Refinery  
  64  5:43  SCV x2  
  64  5:44  Refinery  
  66  5:51  Command Center  
  66  5:57  SCV  
  67  6:01  Sensor Tower  
  67  6:04  SCV x2  
  69  6:07  Marine x2, Medivac  
  69  6:08  Marine  
  69  6:09  SCV  
  69  6:11  Supply Depot x2  
  75  6:16  Marine x2  
  77  6:24  SCV x2  
  77  6:25  Combat Shield, Marine  
  79  6:27  Marine x2  
  82  6:32  Barracks  
  82  6:34  Marine x2  
  82  6:36  Barracks  
  82  6:37  SCV x3  
  87  6:42  Refinery  
  87  6:44  Marine  
  87  6:45  Marine  
  89  6:57  SCV x2  
  89  6:58  SCV  
  92  7:04  Medivac x2  
  92  7:07  Siege Tank  
  97  7:24  Marine x3, Barracks  
  97  7:25  Marine x4  
  97  7:27  SCV x3  
  107  7:34  Supply Depot  
  107  7:35  Supply Depot  
  107  7:37  Supply Depot  
  107  7:42  Armory, Reaper  
  107  7:44  SCV x3  
  110  7:46  Planetary Fortress  
  110  7:49  Marine x3  
  110  7:50  Marine x2  
  116  7:55  Marine, Siege Tank  
  116  7:56  SCV x3  
  123  8:03  Supply Depot  
  123  8:06  Supply Depot x2  
  123  8:07  Marine x4  
  123  8:08  Marine, Medivac x2  
  132  8:13  Marine  
  132  8:15  SCV x3  
  136  8:30  Barracks Reactor x2  
  136  8:31  Factory  
  136  8:34  SCV x3  
  136  8:35  SCV  
  136  8:39  Refinery  
  140  8:45  Missile Turret  
  140  8:46  Sensor Tower  
  140  8:48  Marine x3  
  140  8:49  Marine x2  
  140  8:51  Siege Tank  
  140  8:53  Terran Infantry Weapons Level 2, Terran Infantry Armor Level 2  
  148  8:55  Terran Vehicle Weapons Level 1  
  148  9:03  Command Center  
  148  9:06  Marine  
  149  9:10  Marine  
  149  9:11  Marine x4  
  149  9:12  Marine x2  
  156  9:34  SCV x3  
  143  9:49  Marine x9  
  122  9:53  Liberator x2  
  109  10:02  Siege Tank  
  109  10:06  Marine  
  109  10:07  Marine x3  
  119  10:16  Refinery  
  119  10:21  Marine  
  119  10:22  Marine x4  
  124  10:35  Factory Tech Lab  
  124  10:36  Liberator x2  
  124  10:42  Starport  
  124  10:45  Starport  
  124  10:48  Barracks Reactor  
  124  10:49  Marine x8  
  131  10:50  Marine  
  131  10:52  Siege Tank  
  131  10:54  Siege Tank  
  145  11:15  Planetary Fortress  
  145  11:17  Marine  
  145  11:18  Marine x5  
  149  11:20  Terran Infantry Armor Level 3, Terran Infantry Weapons Level 3  
  149  11:21  Terran Vehicle Weapons Level 2  
  151  11:27  Barracks x2  
  151  11:28  Barracks, Siege Tank x2  
  157  11:47  Marine x8  
  157  11:48  Marine  
  131  12:31  Marine x9  
  115  12:45  Siege Tank x2  
  115  12:49  Marine x8  
  126  13:16  Armory  
  126  13:17  Viking, Siege Tank x2  
  126  13:18  Viking  
  135  13:20  Sensor Tower  
  135  13:22  Starport Tech Lab  
  135  13:23  Starport Reactor  
  135  13:26  Marine  
  135  13:27  Marine x8  
  136  13:28  Fusion Core  
  136  13:29  Marine, Liberator  
  136  13:30  Marine  
  146  13:47  Medivac  
  151  13:49  Medivac  
  151  13:50  Marine x5  
  151  13:51  Marine x4  
  151  13:52  Siege Tank x2  
  168  14:01  Missile Turret  
  118  14:33  Command Center  
  105  14:47  Marine x8  
  105  14:48  Marine x2  
  105  14:49  Siege Tank x2  
  121  15:02  Command Center  
  121  15:10  Marine x9  
  121  15:11  Marine x2  
  121  15:13  SCV x4  
Show
View Real Time Build Order
Export as new Build Order

ViBE Zerg - Winner!

Build Orders: Hatch First, Lurkers, Roach Hydra 

Get SALT Encoding   

  12  0:01  Drone  
  13  0:13  Overlord  
  13  0:22  Drone  
  14  0:34  Drone x2  
  16  0:37  Drone  
  17  0:55  Hatchery  
  16  0:57  Drone  
  16  1:02  Drone  
  18  1:14  Spawning Pool  
  18  1:16  Drone  
  18  1:19  Drone  
  19  1:30  Drone  
  19  1:32  Extractor  
  19  1:45  Overlord  
  19  1:55  Drone  
  20  2:07  Queen x2  
  24  2:09  Zergling x4  
  26  2:22  Overlord  
  26  2:24  Drone x2  
  28  2:31  Drone  
  28  2:34  Drone  
  30  2:41  Drone  
  31  2:47  Lair, Queen  
  33  2:53  Overlord  
  33  2:57  Drone x2  
  35  3:01  Drone  
  36  3:10  Drone, Roach Warren  
  36  3:12  Drone  
  37  3:16  Drone x3  
  37  3:17  Drone  
  37  3:19  Drone  
  42  3:21  Drone  
  42  3:23  Drone  
  44  3:31  Drone x2, Evolution Chamber  
  45  3:36  Drone  
  46  3:43  Overlord  
  46  3:44  Extractor  
  46  3:46  Extractor, Drone  
  45  3:52  Drone x6  
  45  3:55  Glial Reconstitution  
  51  3:58  Zerg Missile Weapons Level 1  
  51  4:12  Evolution Chamber  
  50  4:22  Hatchery  
  49  4:25  Roach  
  49  4:26  Roach x3, Overlord  
  49  4:27  Overlord  
  59  5:00  Roach x4  
  59  5:01  Roach x2  
  59  5:03  Overseer  
  59  5:06  Drone x6  
  74  5:23  Drone  
  75  5:38  Overlord x7  
  75  5:43  Zerg Ground Armor Level 1  
  75  5:49  Hydralisk Den  
  74  5:56  Queen  
  76  5:57  Drone x8  
  76  6:04  Extractor  
  83  6:05  Extractor  
  83  6:08  Drone x5  
  83  6:09  Drone x2  
  83  6:10  Hatchery, Drone x3  
  91  6:13  Extractor  
  90  6:21  Drone x4  
  94  6:31  Drone x2  
  96  6:35  Lurker Den  
  96  6:36  Drone x2  
  96  6:37  Grooved Spines  
  97  6:40  Drone  
  98  6:55  Zerg Missile Weapons Level 2  
  98  6:56  Drone  
  98  6:57  Drone x9  
  108  7:04  Extractor, Drone  
  108  7:10  Hydralisk x2  
  112  7:16  Infestation Pit  
  112  7:20  Hydralisk x9  
  129  7:30  Overlord x4  
  129  7:43  Hydralisk x3  
  135  7:45  Overlord x3  
  135  7:46  Zerg Ground Armor Level 2  
  135  7:49  Muscular Augments  
  135  7:59  Hydralisk x8  
  135  8:00  Hatchery  
  150  8:10  Drone  
  150  8:11  Drone x5  
  156  8:15  Hive  
  156  8:20  Extractor  
  156  8:23  Spore Crawler  
  156  8:24  Spine Crawler, Drone x2  
  156  8:25  Spine Crawler, Drone  
  155  8:27  Lurker x3  
  155  8:29  Lurker  
  155  8:31  Spore Crawler  
  155  8:33  Spine Crawler, Drone  
  155  8:34  Spine Crawler, Drone x2  
  160  8:37  Spore Crawler  
  160  8:39  Spine Crawler, Drone x3  
  160  8:41  Spine Crawler  
  159  8:44  Spore Crawler  
  159  8:46  Spine Crawler, Drone x2  
  159  8:47  Spine Crawler, Drone  
  159  8:51  Hydralisk x2  
  163  9:02  Drone x3  
  166  9:05  Spore Crawler  
  166  9:06  Spine Crawler  
  166  9:07  Drone  
  166  9:08  Drone, Hydralisk  
  166  9:09  Hydralisk x2  
  172  9:13  Spine Crawler  
  171  9:25  Hydralisk x8  
  187  9:32  Adaptive Talons  
  187  9:44  Hydralisk x7  
  184  9:48  Hydralisk x2  
  184  9:49  Hydralisk  
  159  9:56  Hydralisk x4  
  157  10:23  Hatchery  
  157  10:25  Hydralisk  
  157  10:26  Hydralisk x9  
  176  10:29  Seismic Spines  
  176  10:57  Lurker  
  176  10:58  Lurker x7  
  176  11:02  Overlord x3  
  184  11:08  Metabolic Boost  
  184  11:24  Zerg Missile Weapons Level 3  
  184  11:34  Drone x3  
  184  11:37  Zerg Ground Armor Level 3  
  184  11:39  Zergling x6  
  196  11:40  Zergling x20  
  196  11:42  Spine Crawler x2  
  196  11:45  Spore Crawler  
  196  11:46  Extractor  
  196  11:47  Extractor  
  196  12:01  Drone x5  
  197  12:18  Spore Crawler  
  197  12:20  Spine Crawler x2  
  197  12:21  Extractor  
  184  12:27  Adrenal Glands  
  184  12:29  Hydralisk x9  
  168  12:30  Hydralisk x7  
  194  12:45  Zergling x10  
  199  12:55  Queen  
  198  13:46  Spire  
  132  14:40  Hydralisk x11  
  132  14:41  Hatchery, Hydralisk x11  
  132  14:42  Zergling x20  
  179  14:45  Spine Crawler  
  179  14:47  Spine Crawler  
  179  14:49  Spore Crawler  
  173  15:01  Lurker  
  173  15:02  Lurker x9  
  173  15:05  Zergling x12  
  173  15:06  Zergling x22  
Tags
 
Matchup
TvZ
Replay Pack
Zerg
Spawn Locations
Cross Positions
Add a new tag
Caveats
  • Supply blocks, unpowered buildings, or Contaminate may cause inaccurate times.
  • Supply counts are checked every 10 seconds.